 Dungeon Crawl Stone Soup version 0.32-a0-473-gd044c6f0f0 (webtiles) character file.

Game seed: 16341565788974928509

30 Arex the Cudgeller (level 3, -1/29 HPs)
             Began as a Mountain Dwarf Chaos Knight on Feb 26, 2024.
             Was a Plaything of Xom.
             Slain by Terence
             ... wielding a +0 hand axe
              (4 damage)
             ... on level 2 of the Dungeon.
             The game lasted 00:01:10 (826 turns).

Arex the Cudgeller (Mountain Dwarf Chaos Knight)     Turns: 826, Time: 00:01:10

Health: -1/29      AC:  3    Str: 16    XL:     3   Next: 3%
Magic:  3/3        EV: 10    Int: 12    God:    Xom [...*..]
Gold:   14         SH:  0    Dex:  9    Spells: 2/2 levels left

rFire   . . .        a - +0 mace (chaos)
rCold   . . .        (no shield)
rNeg    . . .        h - +0 ring mail {Will+}
rPois   .            (no helmet)
rElec   .            (no cloak)
rCorr   .            (no gloves)
SInv    +            (no boots)
Will    +....        (no amulet) Stlth
                     g - ring of see invisible
HPRegen 0.24/turn    (no ring)
MPRegen 0.08/turn

%: random rage (3%)
@: no status effects
A: runic magic, artefact enchanting, berserk 1, deformed body, frail 1
a: Renounce Religion


You were on level 2 of the Dungeon.
You worshipped Xom.
You were a favourite toy of Xom.
You visited 1 branch of the dungeon, and saw 2 of its levels.

You collected 14 gold pieces.

Inventory:

Hand Weapons
 a - a +0 mace of chaos (weapon)
Armour
 b - a +2 leather armour
 h - a +0 ring mail of willpower (worn)
Jewellery
 g - a ring of see invisible (left hand)
Scrolls
 c - a scroll of butterflies
Potions
 e - a potion of mutation
 f - a potion of resistance


   Skills:
 + Level 3.8 Fighting
 + Level 4.1 Maces & Flails
 + Level 2.8 Armour
 - Level 0.6 Dodging


You had 2 spell levels left.
You didn't know any spells.
Your spell library was empty.

Dungeon Overview and Level Annotations

Branches:
Dungeon (2/15)

Altars:

Annotations:
D:2 Terence


Innate Abilities, Weirdness & Mutations

Your spellcasting is much less encumbered by armour.
You can use scrolls of enchantment on lesser artefacts.
You sometimes lose your temper in combat.
Armour fits poorly on your strangely shaped body.
You are frail. (-10% HP)


Message History

You are too injured to fight recklessly!
You are too injured to fight recklessly!
You are too injured to fight recklessly!
You are too injured to fight recklessly!
You are too injured to fight recklessly!
You are too injured to fight recklessly!
You are too injured to fight recklessly!
You barely miss Terence. Terence hits you with a +0 hand axe!
You closely miss Terence.
Terence says, "Don't bother to defend, it's useless."
Terence hits you but does no damage.
You hit Terence.
Terence is moderately wounded.
Terence bares his teeth.
Terence closely misses you. Terence hits you with a +0 hand axe.
You barely miss Terence.
Terence is moderately wounded.
Xom grants you insight.
You detect creatures!
You are now a favourite toy of Xom.
Terence hits you with a +0 hand axe.
* * * LOW HITPOINT WARNING * * *
You feel extremely strange.
You feel frail.
Your body twists and deforms.
You feel a little pissed off. Terence barely misses you.
You closely miss Terence.
Terence is moderately wounded.
Terence closely misses you.
You hit Terence. You freeze Terence.
Terence is severely wounded.
Terence completely misses you.
You hit Terence but do no damage.
Terence is severely wounded.
Terence barely misses you.
You hit Terence but do no damage.
Terence appears confused.
Terence is severely wounded.
Terence hits you with a +0 hand axe.
* * * LOW HITPOINT WARNING * * *
Terence hits you with a +0 hand axe.
You die...

#####
###############......
#.<..........@@......
###############......
..... .... ... .. .


S You could see Terence (confused).

Vanquished Creatures
  3 dart slugs (D:1)
  4 ball pythons (D:1)
  4 endoplasms (D:1)
  3 giant cockroaches (D:1)
  3 goblins (D:1)
  A hobgoblin (D:1)
  A bat (D:1)
  A kobold (D:1)
  A rat (D:1)
21 creatures vanquished.

Notes
Turn   | Place    | Note
-------+----------+-------------------------------------------
     0 | D:1      | Arex the Mountain Dwarf Chaos Knight began the quest for
                  | the Orb.
     0 | D:1      | Reached XP level 1. HP: 19/19 MP: 1/1
     2 | D:1      | XOM: divination: detect creatures
   117 | D:1      | Reached XP level 2. HP: 26/26 MP: 2/2
   224 | D:1      | Reached skill level 4 in Maces & Flails
   516 | D:1      | XOM: 1-stop teleportation journey
   592 | D:1      | Reached XP level 3. HP: 33/33 MP: 3/3
   594 | D:1      | Found a faded altar of an unknown god.
   813 | D:2      | Noticed Terence
   821 | D:2      | XOM: divination: detect creatures
   822 | D:2      | Gained mutation: You are frail. (-10% HP) [potion of
                  | mutation]
   822 | D:2      | Gained mutation: Armour fits poorly on your strangely
                  | shaped body. [potion of mutation]
   822 | D:2      | Gained mutation: You sometimes lose your temper in combat.
                  | [potion of mutation]
   826 | D:2      | Slain by Terence

Illustrated notes

Levels and vault maps discovered:
D:1:      minmay_arrival_four_circles, layout_basic,
          dreamdust_ecumenical_altar_angels_and_demons, corexii_hall_statues_l
D:2:      layout_basic, serial_shops, nicolae_shop_tiny_waterfront,
          uniq_terence, uniq_crazy_yiuf_cottage

Skill      XL: |  1  2 |
---------------+-------+-----
Maces & Flails | 4 |  4.1
Fighting       | |  3.8
Armour         | |  2.8
Dodging        | |  0.6

Action                     || total
---------------------------++-------
  Melee: Mace              ||    61
    Use: Scroll            ||     2
         Potion            ||     1
 Armour: Leather armour    ||    35
         Ring mail         ||     8
  Dodge: Dodged            ||    43

Table legend: (Time is in decaauts)
 A = Elapsed time spent in this place.
 B = Non-inter-level travel time spent in this place.
 C = Inter-level travel time spent in this place.
 D = Time resting spent in this place.
 E = Time spent auto-exploring this place.
 F = Levels seen in this place.
 G = Mean time per level.
                   A        B        C        D        E       F      G
               +--------+--------+--------+--------+--------+-----+--------+
         Total |    837 |    785 |     52 |      0 |    638 |   2 |  418.5 |
       Dungeon |    837 |    785 |     52 |      0 |    638 |   2 |  418.5 |
               +--------+--------+--------+--------+--------+-----+--------+

Top non-repeatable levels by time:
     D:1: 810 daAuts
     D:2: 26 daAuts
